 Dungeon Crawl Stone Soup version 0.26-a0-818-g75db068ed4 (webtiles) character file.

Game seed: 17824444762402049865

9 iamoutofideas the Chucker (level 2, 0/27 HPs)
             Began as a Troll Hunter on Nov 14, 2020.
             Slain by a kobold
             ... wielding a +1 short sword of electrocution
              (8 damage)
             ... on level 1 of the Dungeon.
             The game lasted 00:00:18 (146 turns).

iamoutofideas the Chucker (Troll Hunter)             Turns: 146, Time: 00:00:19

Health: 0/27       AC:  6    Str: 19    XL:     2   Next: 3%
Magic:  1/1        EV: 10    Int:  7    God:
Gold:   14         SH:  0    Dex: 10    Spells: 1/1 levels left

rFire    . . .     SeeInvis .     - Unarmed
rCold    . . .     Faith    .   (no shield)
rNeg     . . .     Spirit   .   b - +0 robe
rPois    .         Reflect  .   (helmet restricted)
rElec    .         Harm     .   (no cloak)
rCorr    .         Rampage  .   (gloves unavailable)
MR       .....                  (boots unavailable)
Stlth    +.........             (no amulet)
HPRegen  0.49/turn              (no ring)
MPRegen  0.07/turn              (no ring)

@: no status effects
A: large, unfitting armour, claws 3, regeneration 1, shaggy fur 1, tough skin 3
a: no special abilities


You were on level 1 of the Dungeon.
You visited 1 branch of the dungeon, and saw 1 of its levels.

You collected 14 gold pieces.

Inventory:

Missiles
 c - 4 large rocks (quivered)
 d - 2 throwing nets
 g - 65 stones
Armour
 b - a +0 robe (worn)
Scrolls
 e - 2 scrolls of remove curse {unknown}
 f - a scroll of enchant armour {unknown}
 h - 2 scrolls of teleportation {unknown}
Potions
 a - a potion of attraction {unknown}


   Skills:
 + Level 1.6 Fighting
 + Level 3.7 Throwing
 + Level 1.6 Dodging
 + Level 0.3 Stealth
 + Level 1.1 Unarmed Combat


You had one spell level left.
You didn't know any spells.
Your spell library was empty.

Dungeon Overview and Level Annotations

Branches:
Dungeon (1/15)

Altars:


Innate Abilities, Weirdness & Mutations

You are too large for most types of armour.
You have claws for hands.
Your natural rate of healing is unusually fast.
You are covered in fur. (AC +1)
You have extremely tough skin. (AC +3)


Message History

You kill the jackal!
The kobold hits you with a +1 short sword of electrocution.
The jackal bites you but does no damage.
You have reached level 2!
Unknown command.
Throwing (i - inventory. (/) - cycle)
c - 5 large rocks (quivered)
Press: ? - help, Shift-Dir - straight line, f - jackal
Aim: a jackal You throw a large rock.
The large rock barely misses the jackal.
The large rock barely misses the frilled lizard.
The jackal closely misses you.
The jackal bites you but does no damage.
The jackal barely misses you.
The kobold hits you with a +1 short sword of electrocution.
The jackal barely misses you. The jackal bites you.
The kobold hits you with a +1 short sword of electrocution.
* * * LOW HITPOINT WARNING * * *
You are electrocuted!
You die...

######.#
#☼○ §○#.#
#.#
§§§#+#
#.# ####
#.# #.#
####'##
#.....#
###.....#
#@hl.^.(#
#hKh$...#
#hhg....#
#....####
#....#
#....#
#....#
.....#


You could see 5 jackals, a goblin, a kobold and a frilled lizard.

Vanquished Creatures
  3 jackals (D:1)
  2 frilled lizards (D:1)
  2 goblins (D:1)
  A kobold (D:1)
  A rat (D:1)
9 creatures vanquished.

Notes
Turn   | Place    | Note
-------+----------+-------------------------------------------
     0 | D:1      | iamoutofideas the Troll Hunter began the quest for the Orb.
     0 | D:1      | Reached XP level 1. HP: 19/19 MP: 0/0
   143 | D:1      | Reached skill level 1 in Unarmed Combat
   146 | D:1      | Reached XP level 2. HP: 13/27 MP: 1/1
   146 | D:1      | Slain by a kobold

Illustrated notes

Levels and vault maps discovered:
D:1:      saegor_arrival_miasma, layout_basic

Skill      XL: |  1 |
---------------+----+-----
Unarmed Combat | 1 |  1.1
Fighting       | |  1.6
Throwing       | |  3.7
Dodging        | |  1.6
Stealth        | |  0.3

Action                   || total
-------------------------++-------
Melee: Unarmed           ||    18
       Short sword       ||     2
Throw: Large rock        ||     1
Armor: Robe              ||    16
Dodge: Dodged            ||    20

Table legend: (Time is in decaauts)
 A = Elapsed time spent in this place.
 B = Non-inter-level travel time spent in this place.
 C = Inter-level travel time spent in this place.
 D = Time resting spent in this place.
 E = Time spent auto-exploring this place.
 F = Levels seen in this place.
 G = Mean time per level.
                   A        B        C        D        E       F      G
               +--------+--------+--------+--------+--------+-----+--------+
         Total |    146 |    146 |      0 |      0 |     89 |   1 |  146.0 |
       Dungeon |    146 |    146 |      0 |      0 |     89 |   1 |  146.0 |
               +--------+--------+--------+--------+--------+-----+--------+

Top non-repeatable levels by time:
     D:1: 146 daAuts
